 Dungeon Sprint DCSS version 0.20.0-15-g7f486f2 (webtiles) character file.

2566 w00t the Grappler (level 9, -1/98 (102) HPs)
             Began as a Troll Fighter on July 1, 2017.
             Was the Champion of Jiyva.
             Slain by a death drake (7 damage)
             ... in the Dungeon (Sprint II: "The Violet Keep of Menkaure").
             The game lasted 00:06:27 (948 turns).

w00t the Grappler (Troll Fighter)                    Turns: 948, Time: 00:06:28

HP:   -1/98 (102)   AC:  7    Str: 25    XL:     9   Next: 31%
MP:   0/8           EV: 14    Int:  8    God:    Jiyva [******]
Gold: 131           SH: 12    Dex: 16    Spells: 8/8 levels left

rFire    . . .     SeeInvis .     - Unarmed
rCold    . . .     Gourm    +   b - +1 shield
rNeg     + . .     Faith    .   a - +0 robe
rPois    .         Spirit   +   (helmet restricted)
rElec    .         Reflect  .   l - +0 cloak "Oteij" {Int+4 Dex+3 Stlth+}
rCorr    +         Harm     .   (gloves unavailable)
MR       .....     NoTele   +   (boots unavailable)
Stlth    ++........             k - amulet "Plog" {Spirit Fragile +Inv rN+}
Regen    0.0/turn               (no ring)
MPRegen  0.2/turn               (no ring)

@: lethally poisoned (-1 -> -172), non-regenerating, badly diseased
A: unfitting armour, claws 3, fast metabolism 3, gourmand, mutation resistance
1, regeneration 1, shaggy fur 2, tough skin 2, MP-powered wands
a: Request Jelly, Slimify, Cure Bad Mutation, Renounce Religion, Evoke
Invisibility


You were in the Dungeon.
You worshipped Jiyva.
Jiyva was exalted by your worship.
You were full.

You visited 1 branch You collected 860 gold pieces.
You spent 729 gold pieces at shops.

Inventory:

Missiles
 f - 46 sling bullets
 g - 6 javelins (quivered)
 r - 110 stones
Armour
 a - a +0 robe (worn)
 b - a +1 shield (worn)
 l - the +0 cloak "Oteij" (worn) {Int+4 Dex+3 Stlth+}
   (You bought it in a shop in the Dungeon)

   It affects your intelligence (+4).
   It affects your dexterity (+3).
   It makes you more stealthy.
Jewellery
 k - the amulet "Plog" (around neck) {Spirit Fragile +Inv rN+}
   (You bought it in a shop in the Dungeon)

   [amulet of guardian spirit]

   It causes incoming damage to be split between your health and magic.
   It protects you from negative energy.
   It lets you turn invisible.
   It will be destroyed if unequipped.
Scrolls
 j - 2 scrolls of blinking {!r}
 m - 2 scrolls of remove curse {@r2}
 p - 2 scrolls of identify {@r1}
 y - 2 scrolls of fog
Potions
 c - a potion of curing {@q1}
 h - 5 potions of magic
 i - a potion of agility {unknown}
 o - a potion of brilliance {unknown}
 q - 3 potions of resistance {unknown}
 s - 4 potions of flight {unknown}
 t - a potion of invisibility {unknown}
 v - a potion of berserk rage {!q}
 w - 2 potions of mutation {unknown}
 x - a potion of lignification {unknown}
 A - a potion of haste
Comestibles
 d - 4 bread rations
 n - 3 meat rations


   Skills:
 * Level 10.8 Fighting
 + Level 7.8 Dodging
 + Level 7.8 Shields
 * Level 12.4 Unarmed Combat


You had 8 spell levels left.
You didn't know any spells.

Dungeon Overview and Level Annotations

Branches:
Dungeon (1/1)

Altars:
Cheibriados
Dithmenos
Elyvilon
Fedhas
Gozag
Hepliaklqana
Kikubaaqudgha
Makhleb
Nemelex Xobeh
Okawaru
Qazlal
Ru
Sif Muna
Trog
Uskayaw
Vehumet
Xom
Yredelemnul
Zin
The Shining One
Beogh
Jiyva
Lugonu

Shops:
D :!*?%=%(}[:[!=(=

Annotations:
D exclusion: oklob plant, Roxanne


Innate Abilities, Weirdness & Mutations

You are too large for most types of armour.
You have claws for hands.
Your metabolism is lightning-fast.
You like to eat raw meat.
Your natural rate of healing is unusually fast.
You are covered in thick fur. (AC +2)
You have very tough skin. (AC +2)
You are somewhat resistant to further mutation.
You expend magic power (3 MP) to strengthen your wands.


Message History

* * * LOW HITPOINT WARNING * * *
The death drake misses you.
You scratch the death drake.
The death drake is lightly wounded.
You are engulfed in dark miasma.
You are more poisoned.
You feel your flesh rotting away!
You feel ill.
* * * LOW HITPOINT WARNING * * *
x2 You feel extremely sick.
The death drake misses you. The death drake bites you.
* * * LOW HITPOINT WARNING * * *
You scratch the death drake.
The death drake is moderately wounded.
You are engulfed in dark miasma.
You are more poisoned.
You feel your flesh rotting away!
* * * LOW HITPOINT WARNING * * *
x2 You feel extremely sick.
The death drake bites you but does no damage.
The death drake bites you!
You die...

§§§≈**,≈,,,,,**#.§§▓≈≈≈§§§≈≈▓▓*,,
#≈''##***,...*,##§}▓▓▓▓▓▓▓▓▓▓▓*+*
.≈..≈#,,+,,..*kk#}:▓[.[.).[.▓▓,,,
'##.≈#,,***#.*,.#=:▓........▓▓,⌠,
#.##.####,,+.##.#=}▓...(....▓▓,,,
##≈#,...#,,*..8####▓(.....[.▓▓,,,
..####..##**#..##§#▓..[.....▓▓,,,
'###.##..#,∆+..#§§#▓(......)▓▓,,,
.##.###..#∆,#^.#@k#▓....[.).▓▓,⌠,
<.'##.'..####..##k#▓........▓▓,,,
.##...#....###k.§##▓▓▓▓▓▓▓'▓▓▓▓+▓
'###.##......≈≈≈≈≈≈≈≈≈≈≈≈≈...Xw≈▓
#.####≈≈.....≈#'########'###*ww≈▓
*..#≈≈≈≈§≈≈.§≈#_._....J#≈≈≈##≈≈≈▓
,###≈≈§§≈§≈≈§§#._._....#≈≈§≈####▓
+*#≈≈≈§≈§≈§≈≈≈#_._._...#§≈≈§§#*,,
≈≈≈≈≈≈≈≈≈§≈≈§≈#._._._..#§§§§§§#,,


You could see 2 death drakes.

Vanquished Creatures
  A yaktaur (D)
  3 polar bears (D)
  A hornet (D)
  2 hippogriffs (D)
  A blink frog (D)
  4 neqoxecs (D)
  Menkaure (D)
  3 crocodiles (D)
  4 worker ants (D)
  3 worms (D)
  3 tentacles (D)
26 creatures vanquished.

Vanquished Creatures (collateral kills)
  A tentacle (D)
1 creature vanquished.

Vanquished Creatures (others)
  Kirke (D)
  Sonja (D)
  A crocodile (D)
  6 jellies (D)
  9 tentacles (D)
18 creatures vanquished.

Grand Total: 45 creatures vanquished

Notes
Turn   | Place    | Note
-------+----------+-------------------------------------------
     0 | D        | w00t the Troll Fighter began the quest for the Orb.
     0 | D        | Reached XP level 1. HP: 22/22 MP: 0/0
     1 | D        | Noticed a worker ant
     1 | D        | Noticed a worker ant
     1 | D        | Noticed a worker ant
     1 | D        | Noticed a worker ant
     5 | D        | Killed a worker ant
     5 | D        | Reached skill level 3 in Unarmed Combat
     5 | D        | Reached XP level 2. HP: 31/31 MP: 1/1
    10 | D        | Reached skill level 4 in Unarmed Combat
    10 | D        | Reached XP level 3. HP: 27/39 MP: 2/2
    17 | D        | Reached skill level 5 in Unarmed Combat
    17 | D        | Reached XP level 4. HP: 35/49 MP: 3/3
    89 | D        | Noticed a hippogriff
    89 | D        | Noticed a hippogriff
    92 | D        | Noticed a neqoxec
    92 | D        | Noticed a neqoxec
    92 | D        | Noticed a neqoxec
    92 | D        | Noticed a neqoxec
    99 | D        | Killed a neqoxec
    99 | D        | Reached skill level 7 in Unarmed Combat
    99 | D        | Reached XP level 5. HP: 59/59 MP: 4/4
   101 | D        | Gained mutation: You are weak. (Str -2) [a neqoxec]
   104 | D        | Killed a neqoxec
   104 | D        | Reached skill level 5 in Dodging
   104 | D        | Reached skill level 5 in Shields
   104 | D        | Reached skill level 8 in Unarmed Combat
   104 | D        | Reached XP level 6. HP: 71/71 MP: 5/5
   108 | D        | Killed a neqoxec
   109 | D        | Gained mutation: You are frail. (-10% HP) [a neqoxec]
   110 | D        | Killed a neqoxec
   110 | D        | Reached skill level 9 in Unarmed Combat
   110 | D        | Reached XP level 7. HP: 72/72 MP: 6/6
   121 | D        | Killed a hippogriff
   121 | D        | Reached skill level 10 in Unarmed Combat
   130 | D        | Killed a hippogriff
   138 | D        | Noticed Roxanne
   140 | D        | Noticed Menkaure
   141 | D        | Killed Menkaure
   141 | D        | Reached XP level 8. HP: 69/82 MP: 7/7
   142 | D        | Found Ynaih's Jewellery Shoppe.
   165 | D        | Found Foloof's Weapon Emporium.
   166 | D        | Found Xiquvall's Antique Armour Shoppe.
   166 | D        | Found Cifamnah's Gadget Emporium.
   166 | D        | Found Cicociow's Food Shoppe.
   166 | D        | Found Zius's Antique Weapon Shoppe.
   166 | D        | Found Fubun's Antique Armour Shoppe.
   166 | D        | Found Lokio's Magic Scroll Emporium.
   166 | D        | Found Godghunaa's Jewellery Shoppe.
   166 | D        | Found Beomaov's Food Emporium.
   166 | D        | Found Zuzxot's Book Emporium.
   167 | D        | Found Risi's Assorted Antiques.
   167 | D        | Found Coehav's Distillery.
   168 | D        | Found Riyr's Distillery.
   168 | D        | Found Soduq's Jewellery Emporium.
   172 | D        | Noticed a blink frog
   183 | D        | Killed a blink frog
   191 | D        | Noticed a hell hog
   191 | D        | Noticed a hell hog
   191 | D        | Noticed an oklob plant
   192 | D        | Found Koerghunk's Book Shoppe.
   192 | D        | Noticed a slime creature
   192 | D        | Noticed a slime creature
   203 | D        | Bought the amulet "Plog" {Spirit Fragile +Inv rN+} for 511 gold pieces
   280 | D        | Noticed a slime creature
   288 | D        | Bought a steaming cloak for 218 gold pieces
   293 | D        | Identified the cursed +0 cloak "Oteij" {Int+4 Dex+3 Stlth+} (You bought it in a shop in the Dungeon)
   318 | D        | Found an iron altar of Okawaru.
   318 | D        | Found a radiant altar of Vehumet.
   318 | D        | Found a glowing silver altar of Zin.
   321 | D        | Found a sparkling altar of Nemelex Xobeh.
   321 | D        | Found a hide-covered altar of Uskayaw.
   321 | D        | Found a basalt altar of Yredelemnul.
   322 | D        | Found an opulent altar of Gozag.
   322 | D        | Found a burning altar of Makhleb.
   322 | D        | Found a bloodstained altar of Trog.
   323 | D        | Found a blossoming altar of Fedhas.
   323 | D        | Found a corrupted altar of Lugonu.
   323 | D        | Found a deep blue altar of Sif Muna.
   324 | D        | Found a white marble altar of Elyvilon.
   324 | D        | Found an ancient bone altar of Kikubaaqudgha.
   325 | D        | Found a shadowy altar of Dithmenos.
   325 | D        | Found a viscous altar of Jiyva.
   326 | D        | Found a snail-covered altar of Cheibriados.
   328 | D        | Found a roughly hewn altar of Beogh.
   328 | D        | Found a shimmering altar of Xom.
   328 | D        | Found a sacrificial altar of Ru.
   328 | D        | Found a hazy altar of Hepliaklqana.
   328 | D        | Noticed a hornet
   328 | D        | Noticed a polar bear
   329 | D        | Noticed a polar bear
   329 | D        | Found a glowing golden altar of the Shining One.
   329 | D        | Found a stormy altar of Qazlal.
   329 | D        | Noticed a yaktaur
   330 | D        | Noticed a polar bear
   335 | D        | Became a worshipper of Jiyva Jeasix the Shapeless
   336 | D        | Reached * piety under Jiyva
   336 | D        | Reached ** piety under Jiyva
   356 | D        | Reached *** piety under Jiyva
   357 | D        | Killed a polar bear
   357 | D        | Reached skill level 11 in Unarmed Combat
   367 | D        | HP: 2/83 [yaktaur (7)]
   368 | D        | Killed a hornet
   370 | D        | Killed a yaktaur
   370 | D        | Reached skill level 10 in Fighting
   371 | D        | Lost mutation: You are frail. (-10% HP) [Jiyva's grace]
   371 | D        | Reached **** piety under Jiyva
   376 | D        | Lost mutation: You are weak. (Str -2) [Jiyva's grace]
   466 | D        | Reached ***** piety under Jiyva
   466 | D        | Gained mutation: You are partially covered in icy blue scales. (AC +2) [Jiyva's grace]
   470 | D        | Lost mutation: You are partially covered in icy blue scales. (AC +2) [Jiyva's grace]
   470 | D        | Gained mutation: You have a small jelly attached to you that senses nearby items. [Jiyva's grace]
   472 | D        | Reached ****** piety under Jiyva
   472 | D        | Gained mutation: You expend magic power (3 MP) to strengthen your wands. [Jiyva's grace]
   473 | D        | Killed Sonja
   476 | D        | Gained mutation: You are somewhat resistant to further mutation. [Jiyva's grace]
   476 | D        | Lost mutation: You have a small jelly attached to you that senses nearby items. [Jiyva's grace]
   478 | D        | Killed a polar bear
   478 | D        | Reached skill level 12 in Unarmed Combat
   478 | D        | Reached XP level 9. HP: 102/102 MP: 8/8
   481 | D        | Killed a polar bear
   489 | D        | Gained mutation: You are covered in thick fur. (AC +2) [Jiyva's grace]
   496 | D        | Noticed a kraken
   649 | D        | Noticed Kirke
   832 | D        | Killed Kirke
   931 | D        | Noticed a death drake
   933 | D        | Noticed a crystal guardian
   934 | D        | Noticed a death drake
   948 | D        | Slain by a death drake

Skill      XL: |  1  2  3  4  5  6  7  8 |
---------------+-------------------------+-----
Fighting       | 3 4 6 7 8 9 10 | 10.8
Dodging        | 3 4 5 6 7 |  7.8
Shields        | 3 4 5 6 7 |  7.8
Unarmed Combat | 3 4 5 7 8 9 10 12 | 12.4

Action                   |  1- 3 |  4- 6 |  7- 9 || total
-------------------------+-------+-------+-------++-------
Melee: Unarmed           |    14 |    21 |    79 ||   114
Throw: Javelin           |       |       |     1 ||     1
  Use: Potion            |       |     2 |     3 ||     5
       Scroll            |       |       |     5 ||     5
  Eat: Chunk             |       |     6 |     3 ||     9
Armor: Robe              |     4 |     3 |    15 ||    22
Dodge: Dodged            |     4 |    10 |    51 ||    65
Block: Shield            |     3 |     5 |    54 ||    62
